Map: Deathaura LE

Players

Krystianer - Winner!

  • Race: Protoss Protoss
  • League: Grandmaster
  • Spawn Location: 5:00

goblin

  • Race: Protoss Protoss
  • League: Grandmaster
  • Spawn Location: 11:00

Event: DreamHack SC2 Masters 2020 Winter

VOD

Have the link to the VOD?

Description

Time

  • Played on: Oct. 28, 2020, 12:01 p.m.
  • Length: 8:09

All games in this series

Show
View Real Time Build Order
Export as new Build Order

Krystianer Protoss - Winner!

Build Orders:  

Get SALT Encoding   

  12  0:00  Probe  
  13  0:12  Probe  
  14  0:16  Pylon  
  14  0:24  Probe (Chrono Boost)  
  16  0:36  Gateway, Probe (Chrono Boost)  
  16  0:42  Probe (Chrono Boost)  
  16  0:45  Assimilator  
  17  0:50  Probe  
  17  0:53  Assimilator  
  18  1:03  Probe (Chrono Boost)  
  19  1:06  Gateway  
  20  1:12  Probe (Chrono Boost)  
  20  1:17  Probe (Chrono Boost)  
  20  1:23  Cybernetics Core  
  21  1:29  Probe  
  22  1:33  Pylon  
  22  1:41  Probe  
  23  1:53  Probe  
  24  1:59  Stalker  
  24  2:00  Warp Gate, Sentry  
  28  2:05  Probe  
  29  2:10  Pylon  
  29  2:32  Nexus  
  29  2:39  Stalker  
  31  2:47  Stalker  
  31  2:50  Probe  
  34  2:57  Pylon  
  34  3:07  Probe (Chrono Boost)  
  34  3:09  Stalker  
  37  3:17  Stalker  
  37  3:19  Probe (Chrono Boost)  
  40  3:28  Probe (Chrono Boost)  
  40  3:34  Probe (Chrono Boost)  
  41  3:35  Twilight Council  
  42  3:46  Probe (Chrono Boost)  
  44  3:50  Probe (Chrono Boost)  
  44  3:54  Probe (Chrono Boost)  
  45  3:58  Probe (Chrono Boost)  
  45  4:02  Stalker, Probe (Chrono Boost)  
  49  4:03  Probe (Chrono Boost)  
  49  4:05  Pylon  
  49  4:07  Stalker  
  52  4:12  Probe  
  52  4:13  Probe  
  53  4:24  Probe  
  53  4:25  Dark Shrine  
  53  4:26  Probe  
  55  4:33  Stalker  
  55  4:34  Assimilator, Stalker  
  55  4:36  Probe  
  60  4:39  Probe  
  60  4:44  Forge  
  61  4:48  Probe  
  62  4:53  Pylon  
  62  5:00  Gateway, Pylon  
  62  5:01  Gateway  
  62  5:03  Protoss Ground Weapons Level 1 (Chrono Boost)  
  62  5:10  Blink (Chrono Boost)  
  62  5:24  Nexus  
  62  5:28  Probe x2  
  64  5:40  Gateway  
  64  5:41  Gateway  
  64  5:44  Gateway  
  64  5:51  Stalker x2  
  68  6:01  Stalker x2  
  72  6:11  Pylon  
  72  6:14  Stalker  
  72  6:15  Stalker  
  76  6:31  Gateway  
  76  6:37  Stalker x2  
  76  6:38  Stalker x3  
  86  6:40  Stalker  
  88  6:49  Stalker  
  90  7:16  Stalker x4  
  90  7:18  Stalker x3  
  104  7:25  Stalker  
  106  7:36  Pylon  
  106  7:45  Stalker x2  
  106  7:47  Stalker  
  104  7:53  Stalker x2  
  98  8:00  Stalker  
Show
View Real Time Build Order
Export as new Build Order

goblin Protoss 

Build Orders: Phoenix Opening 

Get SALT Encoding   

  12  0:00  Probe  
  13  0:12  Probe  
  14  0:17  Pylon  
  14  0:24  Probe (Chrono Boost)  
  16  0:36  Gateway, Probe (Chrono Boost)  
  16  0:43  Probe (Chrono Boost)  
  16  0:45  Assimilator  
  17  0:51  Probe  
  17  0:54  Assimilator  
  18  1:03  Probe (Chrono Boost)  
  19  1:08  Gateway  
  19  1:13  Probe (Chrono Boost)  
  19  1:18  Probe (Chrono Boost)  
  20  1:23  Cybernetics Core  
  21  1:29  Probe  
  22  1:34  Pylon  
  22  1:41  Probe  
  23  2:01  Stalker x2  
  27  2:02  Warp Gate  
  27  2:15  Stargate  
  27  2:20  Probe  
  28  2:38  Nexus  
  28  2:44  Pylon  
  28  2:47  Probe  
  29  2:59  Phoenix (Chrono Boost)  
  29  3:02  Probe (Chrono Boost)  
  32  3:11  Probe (Chrono Boost)  
  33  3:16  Shield Battery, Probe (Chrono Boost)  
  34  3:21  Phoenix (Chrono Boost)  
  36  3:27  Pylon  
  36  3:31  Probe  
  37  3:41  Phoenix  
  37  3:48  Probe (Chrono Boost)  
  40  3:51  Probe (Chrono Boost)  
  41  4:00  Probe (Chrono Boost)  
  41  4:01  Probe (Chrono Boost)  
  43  4:05  Probe (Chrono Boost)  
  43  4:06  Phoenix (Chrono Boost)  
  43  4:09  Probe  
  47  4:18  Probe  
  47  4:21  Probe  
  49  4:25  Pylon  
  49  4:27  Twilight Council  
  49  4:28  Phoenix (Chrono Boost)  
  49  4:30  Probe  
  52  4:33  Probe  
  52  4:36  Stalker  
  55  4:42  Probe  
  56  4:46  Probe  
  56  4:47  Assimilator  
  59  4:54  Robotics Facility, Probe  
  59  4:57  Oracle (Chrono Boost)  
  61  5:09  Probe  
  61  5:12  Pylon  
  61  5:13  Probe  
  63  5:23  Charge  
  63  5:28  Gateway x2  
  63  5:31  Pylon  
  63  5:34  Phoenix  
  65  5:42  Observer (Chrono Boost)  
  66  5:43  Gateway  
  66  5:45  Gateway, Nexus  
  66  5:48  Pylon  
  67  5:50  Probe x2  
  67  5:55  Stalker  
  70  5:59  Phoenix  
  72  6:09  Immortal (Chrono Boost)  
  76  6:15  Probe x2  
  78  6:20  Stalker  
  80  6:25  Zealot  
  80  6:28  Probe x2  
  84  6:35  Gateway  
  84  6:36  Gateway  
  84  6:40  Probe  
  84  6:41  Probe  
  84  6:43  Forge  
  86  6:50  Immortal  
  90  6:56  Phoenix (Chrono Boost)  
  90  6:59  Probe x3  
  93  7:04  Zealot  
  93  7:05  Zealot  
  97  7:09  Pylon  
  97  7:13  Shield Battery  
  97  7:16  Zealot x3  
  97  7:18  Phoenix (Chrono Boost)  
  105  7:29  Zealot x3  
  111  7:35  Zealot x2  
  115  7:38  Zealot  
  111  7:45  Zealot x2  
  97  7:53  Zealot x3  
  87  8:00  Zealot x2  
  87  8:01  Zealot  
Tags
 
Add a new tag
Caveats
  • Supply blocks, unpowered buildings, or Contaminate may cause inaccurate times.
  • Supply counts are checked every 10 seconds.